 Dungeon Crawl Stone Soup version 0.27-a0-1548-gf8a67e7463 (webtiles) character file.

Game seed: 7741461318440401182

125 lunkers the Insei (level 5, -4/38 HPs)
             Began as a Djinni Warper on July 13, 2021.
             Slain by a hound (5 damage)
             ... on level 3 of the Dungeon.
             The game lasted 00:06:09 (5396 turns).

lunkers the Insei (Djinni Warper)                   Turns: 5396, Time: 00:06:09

Health: -4/38      AC:  4    Str: 10    XL:     5   Next: 30%
Gold:   134        EV: 11    Int: 16    God:
                   SH:  0    Dex: 12

rFire    + + .     SeeInvis .     - Unarmed
rCold    x . .     Faith    .   (no shield)
rNeg     . . .     Spirit   .   a - +0 leather armour
rPois    ∞         Reflect  .   g - +0 helmet
rElec    .         Harm     .   (no cloak)
rCorr    .         Rampage  .   (no gloves)
Will     .....                  (boots unavailable)
Stlth    +.........             (no amulet)
HPRegen  0.12/turn              (no ring)
MPRegen  0.00/turn              (no ring)

@: flying
A: sickness immunity, fire resistance 2, cold vulnerability 1, float, innate
caster, hp casting, extra vitality 1
a: no special abilities


You were on level 3 of the Dungeon.
You visited 1 branch of the dungeon, and saw 4 of its levels.

You collected 134 gold pieces.

Inventory:

Missiles
 c - a boomerang of dispersal
 d - 8 boomerangs
Armour
 a - a +0 leather armour (worn)
 g - a +0 helmet (worn)
Jewellery
 j - a ring of resist corrosion
Scrolls
 b - 2 scrolls of blinking
 e - a scroll of vulnerability {unknown}
 f - a scroll of identify {unknown}
 h - a scroll of summoning {unknown}
 i - a scroll of magic mapping {unknown}
Potions
 k - a potion of heal wounds {unknown}
 l - a potion of ambrosia {unknown}


   Skills:
 - Level 2.0 Fighting
 - Level 0.7 Throwing
 - Level 1.0 Armour
 - Level 2.1 Dodging
 + Level 3.9 Unarmed Combat
 * Level 3.4 Spellcasting


You couldn't memorise any spells.
You knew the following spells:

 Your Spells              Type           Power      Damage    Failure   Level
a - Pain                  Necr           52%        1d6       6%          1
b - Lesser Beckoning      Tloc           6%         N/A       19%         3
c - Gell's Gravitas       Tloc           6%         N/A       19%         3
d - Teleport Other        Tloc           13%        N/A       19%         3
e - Manifold Assault      Tloc           13%        N/A       86%         5
f - Ensorcelled Hibernat  Hex/Ice        26%        N/A       9%          2
p - Blink                 Tloc           N/A        N/A       9%          2
Your spell library was empty.

Dungeon Overview and Level Annotations

Branches:
Dungeon (4/15)
 Temple: D:4-7

Altars:
Cheibriados

Shops:
D:2 (


Innate Abilities, Weirdness & Mutations

You are immune to sickness and miasma.
You are immune to poison.
Your flesh is very heat resistant. (rF++)
You are vulnerable to cold. (rC-)
You float through the air rather than walking.
You learn spells naturally, not from books.
Your magical power is your life essence.
You have superior vitality. (+4 HP)


Message History

Aim: a hound (heavily wounded, chance to affect: 77%)
The orc writhes in agony.
You kill the orc!
* * * LOW HITPOINT WARNING * * *
The hound bites you but does no damage.
Unknown command.
Casting: Pain (safe; 6% risk of failure)
Confirm with . or Enter, or press ? or * to list all spells.
Aiming: Pain (safe; 6% risk of failure)
Press: ? - help, Shift-Dir - straight line, f/p - hound
Aim: a hound (heavily wounded, chance to affect: 77%)
The hound writhes in agony.
* * * LOW HITPOINT WARNING * * *
The hound bites you.
* * * LOW HITPOINT WARNING * * *
Unknown command.
Unknown command.
Throw: 4 boomerangs (disperse)
Press: ? - help, Shift-Dir - straight line, f/p - hound
Aim: a hound (severely wounded, 46% to hit)
You throw a boomerang of dispersal.
The boomerang of dispersal barely misses the hound.
The hound closely misses you. The hound bites you.
* * * LOW HITPOINT WARNING * * *
Throw: 3 boomerangs (disperse)
Press: ? - help, Shift-Dir - straight line, f/p - hound
Aim: a hound (severely wounded, 46% to hit)
You throw a boomerang of dispersal.
The boomerang of dispersal hits the hound.
The hound blinks!
The hound is severely wounded.
The hound pauses to sniff the ground.
Unknown command.
Throw: 2 boomerangs (disperse)
Press: ? - help, Shift-Dir - straight line, f/p - hound
Aim: a hound (translocational energy, severely wounded, 46% to hit)
You throw a boomerang of dispersal.
The boomerang of dispersal barely misses the hound.
The hound bites you.
You die...

#.#<#.....#
#.#.#.##### #.#.#.#
#.#.#.# #.#.#.#
#.#.#.# #.#.#.#
########.#.#.########
................@h.>#
.#######...#.######)#
.....# #.....# #.#
#..#.# #..#########.#
.....# #..##......#.#
#....# #...#........#
#.#######..######.###
#..#.......# #.#
#..#.####.## #.#


You could see a hound.

Vanquished Creatures
  A jelly (D:4)
  3 adders
  An adder skeleton (D:4)
  2 worms
  2 orcs (D:3)
  2 giant cockroaches
  7 goblins
  4 hobgoblins
  6 jackals
  5 kobolds
  A quokka (D:2)
  8 ball pythons
  7 bats
  4 frilled lizards
  2 rats (D:1)
55 creatures vanquished.

Notes
Turn   | Place    | Note
-------+----------+-------------------------------------------
     0 | D:1      | lunkers the Djinni Warper began the quest for the Orb.
     0 | D:1      | Reached XP level 1. HP: 18/18 MP: 0/0
   310 | D:1      | Reached XP level 2. HP: 18/23 MP: 0/0
   942 | D:1      | Found a faded altar of an unknown god.
   954 | D:1      | Reached XP level 3. HP: 28/28 MP: 0/0
   954 | D:1      | Learned a level 1 spell: Pain
  1460 | D:2      | Found Zilobumu's Weapon Boutique.
  2410 | D:2      | Reached XP level 4. HP: 21/33 MP: 0/0
  2547 | D:2      | Found a snail-covered altar of Cheibriados.
  5146 | D:4      | Reached XP level 5. HP: 30/38 MP: 0/0
  5146 | D:4      | Learned a level 2 spell: Ensorcelled Hibernation
  5394 | D:3      | HP: 1/38 [hound (2)]
  5396 | D:3      | Slain by a hound

Illustrated notes

Levels and vault maps discovered:
D:1:      minmay_arrival_floating_metal, layout_rooms,
          shapermc_ecumenical_altar_starsandcircs, minmay_tromino_v7
D:2:      layout_loops_ring, basic_altar, serial_shops, shop
D:3:      layout_basic, kennysheep_flooded_box
D:4:      layout_cave_pools

Skill      XL: |  1  2  3  4 |
---------------+-------------+-----
Unarmed Combat | 3 |  3.9
Spellcasting   | 3 |  3.4
Fighting       | |  2.0
Throwing       | |  0.7
Armour         | |  1.0
Dodging        | |  2.1

Action                   |  1- 3 |  4- 6 || total
-------------------------+-------+-------++-------
Melee: Unarmed           |    64 |     3 ||    67
       Punch             |       |     1 ||     1
Throw: Boomerang         |       |     4 ||     4
 Cast: Pain              |    47 |    88 ||   135
Armor: Leather armour    |    28 |    18 ||    46
Dodge: Dodged            |    43 |    37 ||    80

Table legend: (Time is in decaauts)
 A = Elapsed time spent in this place.
 B = Non-inter-level travel time spent in this place.
 C = Inter-level travel time spent in this place.
 D = Time resting spent in this place.
 E = Time spent auto-exploring this place.
 F = Levels seen in this place.
 G = Mean time per level.
                   A        B        C        D        E       F      G
               +--------+--------+--------+--------+--------+-----+--------+
         Total |   5398 |   5335 |     63 |    986 |   3767 |   4 | 1349.5 |
       Dungeon |   5398 |   5335 |     63 |    986 |   3767 |   4 | 1349.5 |
               +--------+--------+--------+--------+--------+-----+--------+

Top non-repeatable levels by time:
     D:3: 1817 daAuts
     D:2: 1623 daAuts
     D:1: 1115 daAuts
     D:4: 842 daAuts
